 Dungeon Crawl Stone Soup version 0.17-b1-20-g63edfd6 (webtiles) character file.

396 tp1 the Firebug (level 6, 0/33 HPs)
             Began as a Deep Elf Fire Elementalist on Nov 4, 2015.
             Slain by chonchonts's ghost (3 damage)
             ... on level 4 of the Dungeon.
             The game lasted 00:21:00 (5630 turns).

tp1 the Firebug (Deep Elf Fire Elementalist)        Turns: 5630, Time: 00:21:00

Health: 0/33       AC:  6    Str:  5    XL:     6   Next: 52%
Magic:  7/15       EV: 13    Int: 22    God:
Gold:   182        SH:  0    Dex: 15    Spells: 3 memorised, 8 levels left

rFire  . . .     SeeInvis .     x - +0 blowgun
rCold  . . .     Clarity  .     a - +0 robe
rNeg   . . .     SustAt   .     (no shield)
rPois  .         Gourm    .     (no helmet)
rElec  .         Spirit   .     v - +0 cloak
rCorr  .         Warding  .     C - +1 pair of gloves
rMut   .         Stasis   .     q - +0 pair of boots
MR     .....                    (no amulet)
Stlth  ++........               (no ring)
                                f - ring of flight

@: not resistant to hostile enchantments, unstealthy
A: no striking features
a: Evoke Flight


You were on level 4 of the Dungeon.
You were not hungry.

You visited 1 branch of the dungeon, and saw 4 of its levels.

You collected 182 gold pieces.

Inventory:

Hand Weapons
 d - a +0 dagger
 e - a +0 spear
 o - a -2 dagger
 x - a +0 blowgun (weapon)
 z - a +0 short sword
Missiles
 y - 7 poisoned needles (quivered)
Armour
 a - a +0 robe (worn)
 q - a +0 pair of boots (worn)
 v - a +0 cloak (worn)
 C - a +1 pair of gloves (worn)
Jewellery
 f - a ring of flight (left hand)
 p - an uncursed amulet of guardian spirit {unknown}
Wands
 D - a wand of lightning (8)
Scrolls
 h - 2 scrolls of teleportation
 i - 3 scrolls of amnesia
 j - a scroll of recharging
 l - 6 scrolls of remove curse
 n - 2 scrolls of random uselessness {unknown}
 r - a scroll of fog {unknown}
 s - a scroll of identify {unknown}
 t - a scroll of enchant weapon {unknown}
 A - a scroll of immolation {unknown}
Potions
 g - a potion of ambrosia
 k - 2 potions of lignification {unknown}
 m - a potion of degeneration {unknown}
 w - a potion of mutation {unknown}
 B - a potion of curing {unknown}
 F - a potion of resistance {unknown}
 G - a potion of flight {unknown}
Books
 b - a book of Flames

   Spells                             Type                      Level
   a - Flame Tongue                   Conjuration/Fire             1
   b - Throw Flame                    Conjuration/Fire             2
   c - Conjure Flame                  Conjuration/Fire             3
   d - Inner Flame                    Hexes/Fire                   3
   e - Sticky Flame                   Conjuration/Fire             4
   f - Fireball                       Conjuration/Fire             5
Comestibles
 c - 3 bread rations
 u - 2 meat rations
 E - 4 chunks of flesh


   Skills:
 - Level 0.5 Fighting
 - Level 2.4 Dodging
 - Level 2.4 Stealth
 - Level 5.0 Spellcasting
 - Level 4.0 Conjurations
 + Level 6.0 Fire Magic


You had 8 spell levels left.
You knew the following spells:

 Your Spells              Type           Power        Failure   Level  Hunger
a - Flame Tongue          Conj/Fire      ####.        1%          1    None
b - Conjure Flame         Conj/Fire      ####....     4%          3    ##.....
c - Inner Flame           Hex/Fire       ###.....     12%         3    ##.....


Dungeon Overview and Level Annotations

Branches:
Dungeon (4/15)
 Temple: D:4-7

Altars:
Dithmenos
Trog
Yredelemnul

Annotations:
D:4 chonchonts's ghost, novice MiFi


Message History

Casting: Flame Tongue
Confirm with . or Enter, or press ? or * to list all spells.
Aiming: Flame Tongue
Press: ? - help, Shift-Dir - straight line, f/p - chonchonts's ghost
Aim: chonchonts's ghost (flame, severely damaged)
The flame tongue hits chonchonts's ghost.
Chonchonts's ghost appears unharmed.
Chonchonts's ghost is severely damaged.
Chonchonts's ghost is engulfed in roaring flames.
Chonchonts's ghost hits you!
* * * LOW HITPOINT WARNING * * *
Casting: Flame Tongue
Confirm with . or Enter, or press ? or * to list all spells.
Aiming: Flame Tongue
Press: ? - help, Shift-Dir - straight line, f/p - chonchonts's ghost
Aim: chonchonts's ghost (flame, severely damaged)
The flame tongue hits chonchonts's ghost.
Chonchonts's ghost is almost destroyed.
Chonchonts's ghost hits you.
You die...

#.#..#.#.##.#
#.#..#.#.##.#
#.#..#.#....#
#....#.####.########
###[##.##>..........
#.(.<##.#.########
#[##.##.#.#
#.##.##.#.#
#.##.##.#@#
#.##.##.#W####
#.##.##......#
#.##.####.##.#
#.##.#.........#
#.##.#.##.#[##.#
#.##.# #... .#
#.##.# #### #
########.##.#


You could see chonchonts's ghost.

Vanquished Creatures
  A phantom (D:4)
  A water moccasin skeleton (D:4)
  2 orc priests
  A hound (D:4)
  2 orc wizards
  A worker ant (D:4)
  3 adders (D:2)
  An ooze (D:3)
  2 worms (D:2)
  A giant gecko (D:1)
  4 orcs
  3 ball pythons (D:3)
  8 bats
  3 giant cockroaches
  10 hobgoblins
  4 quokkas
  4 giant newts
  3 goblins
  10 kobolds
  9 rats
73 creatures vanquished.

Notes
Turn   | Place    | Note
--------------------------------------------------------------
     0 | D:1      | tp1 the Deep Elf Fire Elementalist began the quest for the Orb.
     0 | D:1      | Reached XP level 1. HP: 10/10 MP: 6/6
     2 | D:1      | Noticed a troll
     2 | D:1      | Noticed a demonspawn
     4 | D:1      | Noticed a draconian
     4 | D:1      | Noticed an elf
     6 | D:1      | Noticed a felid
     8 | D:1      | Noticed a vampire
    10 | D:1      | Noticed a demigod
    10 | D:1      | Noticed a merfolk
    13 | D:1      | Noticed a naga
    15 | D:1      | Noticed a tengu
    17 | D:1      | Noticed a vine stalker
    17 | D:1      | Noticed a formicid
    19 | D:1      | Noticed a ghoul
    19 | D:1      | Noticed an ogre
    21 | D:1      | Noticed a gargoyle
    21 | D:1      | Noticed an octopode
    23 | D:1      | Noticed a dwarf
    25 | D:1      | Noticed a spriggan
    25 | D:1      | Noticed a minotaur
    27 | D:1      | Noticed a centaur
    27 | D:1      | Noticed a human
   323 | D:1      | Reached XP level 2. HP: 15/15 MP: 6/8
  1411 | D:2      | Reached XP level 3. HP: 16/20 MP: 3/9
  1416 | D:2      | Learned a level 3 spell: Conjure Flame
  1420 | D:2      | Learned a level 3 spell: Inner Flame
  2129 | D:2      | Reached skill level 4 in Spellcasting
  3076 | D:3      | Reached XP level 4. HP: 24/24 MP: 9/12
  3215 | D:3      | Reached skill level 5 in Spellcasting
  3646 | D:3      | Reached XP level 5. HP: 24/28 MP: 11/14
  3893 | D:3      | Found a bloodstained altar of Trog.
  3899 | D:3      | Found a shadowy altar of Dithmenos.
  3902 | D:3      | Found a basalt altar of Yredelemnul.
  4693 | D:3      | Found a shadowy altar of Dithmenos.
  4695 | D:3      | Found a bloodstained altar of Trog.
  4695 | D:3      | Found a basalt altar of Yredelemnul.
  4786 | D:4      | Noticed chonchonts's ghost (novice MiFi)
  4983 | D:4      | Noticed a phantom
  5003 | D:4      | Killed a phantom
  5151 | D:4      | Reached skill level 5 in Fire Magic
  5151 | D:4      | Reached XP level 6. HP: 31/33 MP: 10/15
  5540 | D:4      | Reached skill level 6 in Fire Magic
  5630 | D:4      | Slain by chonchonts's ghost

Action                   |  1- 3 |  4- 6 || total
-------------------------+-------+-------++-------
Melee: Spear             |     1 |       ||     1
       Dagger            |       |     4 ||     4
 Fire: Blowgun           |       |     5 ||     5
 Cast: Flame Tongue      |    64 |   103 ||   167
       Conjure Flame     |       |     6 ||     6
       Inner Flame       |       |     1 ||     1
  Use: Potion            |       |     1 ||     1
       Scroll            |       |     4 ||     4
  Eat: Chunk             |     6 |     8 ||    14
